 Dungeon Crawl Stone Soup version 0.27-a0-1317-gd1140b374c (webtiles) character file.

Game seed: 16406403218378119054

2433 Delamore the Spear-Bearer (level 9, -9/68 HPs)
             Began as a Formicid Fighter on June 21, 2021.
             Was an Initiate of Gozag.
             Mangled by an orc warrior (16 damage)
             ... in a bailey.
             The game lasted 00:07:47 (7099 turns).

Delamore the Spear-Bearer (Formicid Fighter)        Turns: 7099, Time: 00:07:47

Health: -9/68      AC:  8    Str: 23    XL:     9   Next: 77%
Magic:  9/9        EV:  9    Int:  9    God:    Gozag
Gold:   310        SH:  9    Dex: 10    Spells: 8/8 levels left

rFire    . . .     SeeInvis +   z - +4 demon trident (elec)
rCold    . . .     Faith    .   c - +0 kite shield
rNeg     . . .     Spirit   .   w - +0 acid dragon scales
rPois    .         Reflect  .   (helmet unavailable)
rElec    .         Harm     .   (no cloak)
rCorr    +         Rampage  .   f - +0 pair of gloves
Will     .....                  (no boots)
Stlth    +.........             (no amulet)
HPRegen  0.21/turn              (no ring)
MPRegen  0.11/turn              (no ring)

@: very slightly contaminated, studying Throwing, invisible
A: permanent stasis, dig shafts and tunnels, antennae 3, four strong arms
a: Dig, Renounce Religion, Potion Petition, Call Merchant, Bribe Branch


You were in a bailey.
You worshipped Gozag.
Gozag was aware of your devotion.
You visited 2 branches of the dungeon, and saw 8 of its levels.
You also visited: Bailey.

You collected 443 gold pieces.
You spent 24 gold pieces at shops.
You paid 109 gold pieces to Gozag.

Inventory:

Hand Weapons
 a - a +0 trident of freezing
 z - a +4 demon trident of electrocution (weapon)
Missiles
 p - 20 poisoned darts (quivered)
 q - 3 atropa-tipped darts
 C - 4 javelins
Armour
 b - a +0 scale mail
 c - a +0 kite shield (worn)
 f - a +0 pair of gloves (worn)
 w - +0 acid dragon scales (worn)
 B - the +1 ring mail of Dyspraxia {rC+}
   (You found it on level 6 of the Dungeon)

   It protects you from cold.
Jewellery
 l - an amulet of magic regeneration
Wands
 A - a wand of flame (8)
Scrolls
 i - a scroll of fog
 o - 3 scrolls of immolation
 y - a scroll of holy word
Potions
 d - a potion of might
 e - 3 potions of flight
 g - 2 potions of lignification
 h - 2 potions of mutation
 j - a potion of heal wounds {unknown}
 k - a potion of curing
 m - a potion of cancellation
 n - 2 potions of ambrosia
 r - a potion of degeneration {unknown}
 s - a potion of haste {unknown}
 t - a potion of berserk rage {unknown}
 u - a potion of attraction {unknown}
 v - a potion of invisibility


   Skills:
 - Level 5.0 Fighting
 * Level 11.4 Polearms
 + Level 4.8 Throwing
 - Level 3.2 Armour
 - Level 3.6 Shields


You had 8 spell levels left.
You didn't know any spells.
Your spell library contained the following spells:

 Spells                   Type           Power      Damage    Failure   Level
 Shock                    Conj/Air       0%         1d3       85%         1
 Summon Small Mammal      Summ           0%         N/A       85%         1
 Call Imp                 Summ           0%         N/A       94%         2
 Static Discharge         Conj/Air       0%         N/A       94%         2
 Call Canine Familiar     Summ           0%         N/A       99%         3
 Confusing Touch          Hex            0%         N/A       99%         3
 Gell's Gravitas          Tloc           0%         N/A       99%         3
 Summon Guardian Golem    Hex/Summ       0%         N/A       99%         3
 Airstrike                Air            0%         N/A       100%        4
 Petrify                  Tmut/Erth      0%         N/A       100%        4
 Summon Ice Beast         Ice/Summ       0%         N/A       100%        4
 Summon Lightning Spire   Summ/Air       0%         N/A       100%        4
 Lightning Bolt           Conj/Air       0%         1d11      100%        5
 Metabolic Englaciation   Hex/Ice        0%         N/A       100%        5
 Yara's Violent Unravell  Hex/Tmut       0%         3d3       100%        5
 Swiftness                Air            Unusable   N/A       N/A         3

Dungeon Overview and Level Annotations

Branches:
Dungeon (7/15)             Temple (1/1) D:7          Bailey (1/1)

Altars:
Dithmenos
Elyvilon
Fedhas
Gozag
Kikubaaqudgha
Makhleb
Okawaru
Qazlal
Ru
Trog
Uskayaw
Vehumet
Zin

Shops:
D:2 ?


Innate Abilities, Weirdness & Mutations

You cannot be hasted, slowed, berserked, paralysed or teleported.
You can dig through walls and to a lower floor.
You have a pair of large antennae on your head. (SInv)
Your four strong arms can wield two-handed weapons with a shield.


Message History

Press: ? - help, Dir - move target, f/p - orc warrior
Aim: an orc warrior, wielding a +0 halberd and wearing a +0 plate armour (heavily wounded, about 33% to evade your +4 demon trident of electrocution)
You reach to attack!
The orc warrior shouts!
You hit the orc warrior but do no damage.
The orc warrior is heavily wounded.
The orc warrior hits you from afar with a +0 halberd!
* * * LOW HITPOINT WARNING * * *
Reach: z) +4 demon trident (elec)
Press: ? - help, Dir - move target, f/p - orc warrior
Aim: an orc warrior, wielding a +0 halberd and wearing a +0 plate armour (heavily wounded, about 33% to evade your +4 demon trident of electrocution)
You reach to attack!
You hit the orc warrior but do no damage.
The orc warrior is heavily wounded.
The orc warrior hits you from afar with a +0 halberd.
* * * LOW HITPOINT WARNING * * *
There is an open door here.
The orc warrior is no longer distracted by gold.
It was a potion of invisibility.
You fade into invisibility!
You block the orc warrior's attack.
You are very lightly contaminated with residual magic.
Reach: z) +4 demon trident (elec)
Press: ? - help, Dir - move target, f - orc warrior, p - orc warrior
Aim: an orc warrior, wielding a +0 glaive and wearing a +0 plate armour (about 33% to evade your +4 demon trident of electrocution)
You reach to attack!
You catch the helpless orc warrior completely off-guard!
You hit the orc warrior but do no damage.
Lightning courses through the orc warrior!
The orc warrior is heavily wounded.
Reach: z) +4 demon trident (elec)
Press: ? - help, Dir - move target, f/p - orc warrior
Aim: an orc warrior, wielding a +0 glaive and wearing a +0 plate armour (heavily wounded, about 33% to evade your +4 demon trident of electrocution)
You reach to attack!
You strike the helpless orc warrior from behind!
You hit the orc warrior.
The orc warrior is severely wounded.
The orc warrior hits you from afar with a +0 halberd!
You die...
Your body crumbles into a pile of gold.

############ ###
##.∩..)))...## ....
#......))....######o.....
#.....).)....#....#$.....
#∩......)@ooo'ooo.oo.$...
#...........o#....#o.....
#............######{.....
##.∩........## ....
############ ###


You could see 3 orc warriors and 4 orcs.

Vanquished Creatures
  A wraith (D:5)
  A shadow (D:5)
  An acid dragon (D:5)
  2 black bears
  A water moccasin (D:5)
  Duvessa (D:6)
  2 orc warriors
  A sky beast (D:5)
  2 necrophages
  2 ogres
  Dowan (D:6)
  4 wights (D:7)
  A bullfrog zombie (D:6)
  3 centaur zombies
  4 hounds
  3 orc priests
  A jelly (D:5)
  2 iguanas
  4 orc wizards
  4 gnolls
  9 adders
  A shadow imp (D:6)
  An ufetubus (D:5)
  An adder zombie (D:5)
  3 worms
  35 orcs
  7 ball pythons
  4 bats
  2 endoplasms
  3 giant cockroaches
  5 goblins
  7 hobgoblins
  19 jackals
  2 quokkas
  2 frilled lizards
  3 kobolds
  9 rats
154 creatures vanquished.

Notes
Turn   | Place    | Note
-------+----------+-------------------------------------------
     0 | D:1      | Delamore the Formicid Fighter began the quest for the Orb.
     0 | D:1      | Reached XP level 1. HP: 18/18 MP: 1/1
   247 | D:1      | Reached XP level 2. HP: 24/24 MP: 2/2
   493 | D:1      | Reached XP level 3. HP: 30/30 MP: 3/3
   630 | D:1      | Reached skill level 3 in Polearms
   880 | D:2      | Found a faded altar of an unknown god.
  1078 | D:2      | Found Emackel's Magic Scroll Boutique.
  1087 | D:2      | Bought a scroll of fog for 24 gold pieces
  1136 | D:2      | Reached XP level 4. HP: 37/37 MP: 4/4
  1741 | D:2      | Found an ancient bone altar of Kikubaaqudgha.
  1965 | D:3      | Reached skill level 4 in Polearms
  1965 | D:3      | Reached XP level 5. HP: 15/42 MP: 5/5
  2329 | D:3      | You fall into a shaft and drop 1 floor!
  2940 | D:3      | Reached XP level 6. HP: 47/49 MP: 6/6
  3055 | D:3      | Noticed a black bear
  3091 | D:2      | Reached skill level 5 in Polearms
  3317 | D:3      | Killed a black bear
  3318 | D:3      | Reached skill level 5 in Fighting
  3705 | D:4      | Noticed an ogre
  3712 | D:4      | Killed an ogre
  3713 | D:4      | Reached skill level 6 in Polearms
  3713 | D:4      | Reached XP level 7. HP: 31/56 MP: 7/7
  4141 | D:5      | Entered Level 5 of the Dungeon
  4336 | D:5      | Reached skill level 7 in Polearms
  4560 | D:5      | Reached skill level 8 in Polearms
  4560 | D:5      | Reached XP level 8. HP: 55/62 MP: 8/8
  4609 | D:5      | Noticed a wraith
  4655 | D:5      | Killed a wraith
  4947 | D:5      | Noticed a shadow
  4972 | D:5      | Killed a shadow
  4973 | D:5      | Reached skill level 9 in Polearms
  5100 | D:5      | Reached skill level 10 in Polearms
  5211 | D:5      | Reached XP level 9. HP: 63/68 MP: 9/9
  5804 | D:5      | Identified a scroll of acquirement
  5804 | D:5      | Acquired a +4 demon trident of electrocution
  5864 | D:6      | Noticed Dowan
  5875 | D:6      | Killed Dowan
  5876 | D:6      | Reached skill level 1 in Throwing
  5883 | D:6      | Noticed Duvessa
  5890 | D:6      | Killed Duvessa
  6325 | D:6      | Reached skill level 11 in Polearms
  6449 | D:6      | Identified the +1 ring mail of Dyspraxia {rC+}
  6717 | D:7      | Found a staircase to the Ecumenical Temple.
  6733 | Temple   | Entered the Ecumenical Temple
  6823 | Temple   | Became a worshipper of Gozag Ym Sagoz the Greedy
  6870 | D:7      | Found a flagged portal.
  6901 | Bailey   | Entered a bailey
  7099 | Bailey   | Mangled by an orc warrior

Illustrated notes

Levels and vault maps discovered:
D:1:      saegor_arrival_miasma, layout_loops_ring
D:2:      layout_basic, ebering_ecumenical_altar_box, serial_shops,
          nicolae_shop_competitors_out_of_business, basic_altar
D:3:      layout_loops_ring
D:4:      layout_basic, minmay_fractal_squares_5
D:5:      layout_basic, hangedman_decor_diamond_cutter,
          hangedman_decor_clover_reticule, minmay_manual_moon
D:6:      layout_rooms, uniq_duvessa
D:7:      layout_basic, nicolae_ashenzari_panopticon, jmf_multi_god_temple,
          minmay_temple_entry_sparse_star, enter_bailey_2,
          kennysheep_generic_room_6
Temple:   kb_temple_of_zot
Bailey:   bailey_polearm_5, bailey

Skill      XL: |  1  2  3  4  5  6  7  8  9 |
---------------+----------------------------+-----
Polearms       | 3 4 6 8 10 11 | 11.4
Fighting       | 4 5 |  5.0
Throwing       | 4 |  4.8
Armour         | |  3.2
Shields        | |  3.6

Action                   |  1- 3 |  4- 6 |  7- 9 || total
-------------------------+-------+-------+-------++-------
Melee: Trident           |   104 |   169 |   183 ||   456
       Demon trident     |       |       |   106 ||   106
Throw: Dart              |       |     4 |    24 ||    28
 Abil: Dig               |       |     1 |     6 ||     7
Evoke: Wand              |       |       |     4 ||     4
  Use: Scroll            |     4 |     5 |     5 ||    14
       Potion            |       |       |     4 ||     4
 Stab: Invisible         |       |       |     2 ||     2
Armor: Scale mail        |    43 |    62 |    98 ||   203
       Acid dragon scale |       |       |    16 ||    16
Dodge: Dodged            |    29 |    51 |   122 ||   202
Block: Kite shield       |    65 |    68 |   150 ||   283

Table legend: (Time is in decaauts)
 A = Elapsed time spent in this place.
 B = Non-inter-level travel time spent in this place.
 C = Inter-level travel time spent in this place.
 D = Time resting spent in this place.
 E = Time spent auto-exploring this place.
 F = Levels seen in this place.
 G = Mean time per level.
                   A        B        C        D        E       F      G
               +--------+--------+--------+--------+--------+-----+--------+
         Total |   7192 |   6892 |    300 |   1107 |   4552 |   9 |  799.1 |
       Dungeon |   6875 |   6604 |    271 |   1107 |   4335 |   7 |  982.1 |
        Temple |    120 |     91 |     29 |      0 |     86 |   1 |  120.0 |
        Bailey |    195 |    195 |      0 |      0 |    131 |   1 |  195.0 |
               +--------+--------+--------+--------+--------+-----+--------+

Top non-repeatable levels by time:
     D:5: 1655 daAuts
     D:2: 1389 daAuts
     D:4: 1188 daAuts
     D:1: 866 daAuts
     D:3: 844 daAuts
     D:6: 704 daAuts
     D:7: 227 daAuts
  Bailey: 195 daAuts
  Temple: 120 daAuts
